 Dungeon Crawl Stone Soup version 0.21.1-1-g345015f (webtiles) character file.

10016 Kairos the Basher (level 11, 0/56 HPs)
             Began as a Vine Stalker Enchanter on Apr 27, 2018.
             Was a High Priest of Okawaru.
             Slain by a polar bear (10 damage)
             ... in an ice cave.
             The game lasted 00:37:40 (13773 turns).

Kairos the Basher (Vine Stalker Enchanter)         Turns: 13773, Time: 00:37:41

Health: 0/56       AC: 19    Str: 13    XL:     11   Next: 55%
Magic:  0/16       EV: 14    Int: 17    God:    Okawaru [*****.]
Gold:   542        SH: 12    Dex: 16    Spells: 11/15 levels left

rFire    . . .     SeeInvis .   t - +3 mace (protect)
rCold    + . .     Gourm    .   u - +0 shield
rNeg     . . .     Faith    .   v - +2 scale mail {rF+}
rPois    +         Spirit   +   i - +0 helmet
rElec    .         Reflect  .   p - scarf {cloud immunity}
rCorr    .         Harm     .   (no gloves)
MR       +....                  (no boots)
Stlth    +++.......             (no amulet)
HPRegen  0.58/turn              h - ring of ice
MPRegen  0.15/turn              j - ring of poison resistance

@: about to teleport, heroism, protection aura
A: fangs 3, clever 1, mutation resistance 1, regeneration 1, magic shield,
antimagic bite, no potion heal 3, rot immunity
a: Heroism, Finesse, Renounce Religion


You were in an ice cave.
You worshipped Okawaru.
Okawaru was extremely pleased with you.
You were hungry.

You visited 3 branches of the dungeon, and saw 11 of its levels.
You also visited: Sewer and Ice Cave.

You collected 542 gold pieces.

Inventory:

Hand Weapons
 a - a +1 dagger
 e - a +0 whip
 n - a +0 flail
 s - a +2 war axe of holy wrath
 t - a +3 mace of protection (weapon)
 x - a +2 mace of distortion
 G - a +0 morningstar
 M - a +0 whip of freezing
Armour
 g - a +0 leather armour
 i - a +0 helmet (worn)
 p - a scarf of cloud immunity (worn)
 q - a +0 chain mail
 u - a +0 shield (worn)
 v - a +2 scale mail of fire resistance (worn)
 J - a +0 cloak
Jewellery
 h - a ring of ice (left hand)
 j - a ring of poison resistance (right hand)
 o - an uncursed ring of protection from fire
 F - an uncursed amulet of harm
Wands
 z - a wand of flame (39)
 B - a wand of enslavement (11)
 I - a wand of polymorph (2)
 L - a wand of acid (7)
Scrolls
 b - a scroll of teleportation
 k - a scroll of immolation
 l - 5 scrolls of remove curse
 m - a scroll of amnesia
 y - a scroll of enchant armour
 A - a scroll of fear
 C - 4 scrolls of fog
 E - a scroll of blinking
 K - a scroll of identify
 O - a scroll of brand weapon {unknown}
 P - a scroll of silence {unknown}
 Q - a scroll of torment {unknown}
Potions
 f - a potion of agility
 r - 4 potions of brilliance
 w - 4 potions of haste
 D - 4 potions of curing
 H - a potion of lignification
 N - a potion of flight {unknown}
Books
 c - a book of Maledictions

   Spells                             Type                      Level
   a - Corona                         Hexes                        1
   b - Ensorcelled Hibernation        Hexes/Ice                    2
   c - Confuse                        Hexes                        3
   d - Tukima's Dance                 Hexes                        3
   e - Dazzling Spray                 Conjuration/Hexes            3
Comestibles
 d - 14 rations
 R - 5 chunks of flesh


   Skills:
 + Level 5.8(10.8) Fighting
 - Level 0.8(5.8) Short Blades
 + Level 2.1(11.4) Axes
 + Level 9.5(14.7) Maces & Flails
   Level 1.0(11.1) Staves
 + Level 6.1(11.1) Armour
 + Level 5.0(10.0) Dodging
 + Level 5.9(10.9) Stealth
 + Level 6.0(11.0) Shields
 + Level 2.9 Spellcasting
 + Level 3.8 Hexes
 + Level 0.5 Invocations
 + Level 0.4 Evocations


You had 11 spell levels left.
You knew the following spells:

 Your Spells              Type           Power        Failure   Level  Hunger
a - Corona                Hex            ###....      21%         1    None
b - Confuse               Hex            ###.....     52%         3    ###....


Dungeon Overview and Level Annotations

Branches:
Dungeon (9/15)             Temple (1/1) D:4            Lair (1/6) D:9
    Orc: D:9-12

Altars:
Ashenzari
Cheibriados
Dithmenos
Elyvilon
Fedhas
Gozag
Hepliaklqana
Kikubaaqudgha
Makhleb
Nemelex Xobeh
Okawaru
Qazlal
Ru
Sif Muna
Trog
Uskayaw
Vehumet
Wu Jian
Xom
Yredelemnul
Zin
The Shining One
Lugonu

Shops:
D:6 (


Innate Abilities, Weirdness & Mutations

You have razor-sharp teeth.
Your natural rate of healing is unusually fast.
When hurt, damage is shared between your health and your magic reserves.
Your bite disrupts and absorbs the magic of your enemies.
Potions cannot restore your health.
You are immune to rotting.
Your mind is acute. (Int +2)
You are somewhat resistant to further mutation.


Message History

The polar bear claws you but does no damage.
The polar bear misses you.
You barely miss the polar bear. You bite the polar bear. You drain its power.
You feel invigorated.
The polar bear is severely wounded.
You block the polar bear's attack. x2; The polar bear barely misses you.
The wolf bites you.
* * * LOW HITPOINT WARNING * * *
The polar bear bites you.
* * * LOW HITPOINT WARNING * * *
The polar bear claws you but does no damage.
The polar bear misses you.
The polar bear bites you but does no damage.
The polar bear barely misses you.
The polar bear claws you but does no damage.
As you read the scroll of teleportation, it crumbles to dust.
You feel strangely unstable. The wolf bites you but does no damage.
You block the polar bear's attack. The polar bear barely misses you.
You block the polar bear's attack. The polar bear bites you!!
You die...

##...##
##..∩..##
#.......#
#...∩...#
##÷....##
##...##
#...##
##.hh#
##.h@#
##..h##
#...##
#..##
##..#
##..# ..#
.h. h...


You could see 3 polar bears and a wolf.

Vanquished Creatures
  Erica (D:8)
  2 two-headed ogres (D:8)
  Pikel (D:7)
  2 spiny frogs (Lair:1)
  The ghost of inc the Cutter, a novice OpWz of Kikubaaqudgha (D:4)
  The ghost of Verendum the Cudgeler, an amateur MiMo (D:5)
  A hornet (D:7)
  2 polar bears (IceCv)
  A hippogriff (D:8)
  2 yaks (IceCv)
  A human (D:9)
  3 orc warriors
  2 ice beasts
  2 sky beasts
  A phantom (D:4)
  5 ogres
  3 necrophages
  3 wolves (IceCv)
  A crocodile (Lair:1)
  5 bullfrogs
  A wyvern zombie (D:6)
  3 scorpions
  14 killer bees
  3 howler monkeys
  5 wights
  A crimson imp (D:8)
  2 centaur zombies (D:8)
  A gnoll shaman (D:7)
  4 hounds
  Crazy Yiuf (D:4)
  3 orc priests
  A bullfrog skeleton (D:5)
  Terence (D:2)
  Natasha (thrice) (D:4)
  4 iguanas
  15 orc wizards
  7 worker ants
  3 hound zombies
  2 worker ant zombies
  9 gnolls
  A howler monkey zombie (D:9)
  9 adders
  A river rat (D:5)
  2 shadow imps (D:8)
  An adder skeleton (D:9)
  An adder zombie (D:5)
  4 worms
  2 dart slugs
  11 leopard geckos
  37 orcs
  7 ball pythons
  5 bats
  7 giant cockroaches
  5 hobgoblins
  18 jackals
  5 quokkas
  A ball python skeleton (D:5)
  7 frilled lizards
  4 goblins
  A jackal skeleton (D:8)
  11 kobolds
  8 rats
  10 plants (Sewer)
281 creatures vanquished.

Vanquished Creatures (others)
  A two-headed ogre (D:9)
  A killer bee (D:9)
  2 howler monkeys (D:9)
  An orc wizard (D:9)
  A bullfrog skeleton (D:9)
  A bush (D:4)
7 creatures vanquished.

Grand Total: 288 creatures vanquished

Notes
Turn   | Place    | Note
-------+----------+-------------------------------------------
     0 | D:1      | Kairos the Vine Stalker Enchanter began the quest for the Orb.
     0 | D:1      | Reached XP level 1. HP: 9/9 MP: 4/4
   406 | D:1      | Reached XP level 2. HP: 6/13 MP: 3/6
  1514 | D:2      | Reached XP level 3. HP: 16/16 MP: 7/7
  1562 | D:2      | Reached skill level 1 in Armour
  1572 | D:2      | Learned a level 3 spell: Confuse
  1663 | D:2      | Noticed Terence
  1707 | D:2      | Killed Terence
  1707 | D:2      | Reached skill level 1 in Maces & Flails
  2388 | D:2      | Gained mutation: Your natural rate of healing is unusually fast. [Vine Stalker growth]
  2388 | D:2      | Reached XP level 4. HP: 21/21 MP: 8/8
  2602 | D:2      | Found a runed door.
  2744 | D:2      | Noticed Crazy Yiuf
  3499 | D:3      | Reached XP level 5. HP: 21/25 MP: 7/10
  3837 | D:3      | Reached skill level 2 in Maces & Flails
  4214 | D:3      | Reached XP level 6. HP: 21/29 MP: 8/11
  4539 | D:4      | Noticed Natasha
  4548 | D:4      | Killed Natasha
  4573 | D:4      | Found a staircase to the Ecumenical Temple.
  4579 | Temple   | Entered the Ecumenical Temple
  4683 | Temple   | Became a worshipper of Warmaster Okawaru
  4762 | D:4      | Noticed Natasha
  4777 | D:4      | Reached skill level 1 in Fighting
  4777 | D:4      | Reached skill level 3 in Maces & Flails
  4788 | D:4      | Killed Natasha
  5051 | D:4      | Noticed inc's ghost (novice OpWz)
  5101 | D:4      | Killed inc's ghost
  5101 | D:4      | Reached * piety under Okawaru
  5101 | D:4      | Reached skill level 1 in Axes
  5101 | D:4      | Reached XP level 7. HP: 19/33 MP: 7/12
  5171 | D:4      | Noticed Natasha
  5287 | D:4      | Killed Natasha
  5411 | D:4      | Killed Crazy Yiuf
  5816 | D:4      | Reached skill level 4 in Maces & Flails
  5816 | D:4      | Reached skill level 5 in Stealth
  5988 | D:5      | Entered Level 5 of the Dungeon
  5994 | D:5      | Noticed Verendum's ghost (amateur MiMo)
  6007 | D:5      | Killed Verendum's ghost
  6007 | D:5      | Reached ** piety under Okawaru
  6007 | D:5      | Gained mutation: You have razor-sharp teeth. [Vine Stalker growth]
  6007 | D:5      | Reached XP level 8. HP: 19/39 MP: 4/13
  6146 | D:5      | Found a glowing drain.
  6150 | Sewer    | Entered a sewer
  6586 | Sewer    | Reached skill level 1 in Staves
  6910 | Sewer    | Gained mutation: You possess an exceptional clarity of mind. [potion of mutation]
  6910 | Sewer    | Gained mutation: You are somewhat resistant to further mutation. [potion of mutation]
  7455 | D:5      | Reached skill level 1 in Shields
  7472 | D:5      | Reached skill level 5 in Maces & Flails
  8260 | D:5      | Reached XP level 9. HP: 29/43 MP: 11/14
  8352 | D:6      | Reached *** piety under Okawaru
  8458 | D:6      | Reached skill level 6 in Maces & Flails
  8784 | D:6      | Found Kumok's Weapon Shoppe.
 10154 | D:7      | Noticed a hornet
 10163 | D:7      | Killed a hornet
 10163 | D:7      | Reached **** piety under Okawaru
 10554 | D:7      | Reached XP level 10. HP: 49/49 MP: 15/15
 10581 | D:7      | Noticed Pikel
 10861 | D:7      | Killed Pikel
 10861 | D:7      | Reached skill level 7 in Maces & Flails
 10861 | D:7      | Reached skill level 5 in Armour
 11258 | D:8      | Noticed a two-headed ogre
 11278 | D:8      | Killed a two-headed ogre
 11495 | D:8      | Reached ***** piety under Okawaru
 11716 | D:8      | Found a bloodstained altar of Trog.
 11741 | D:8      | Reached skill level 5 in Shields
 11768 | D:8      | Found a glowing golden altar of the Shining One.
 11769 | D:8      | Noticed a two-headed ogre
 11769 | D:8      | Noticed Erica
 11900 | D:8      | Killed Erica
 11900 | D:8      | Received a gift from Okawaru
 11900 | D:8      | Reached skill level 8 in Maces & Flails
 11962 | D:8      | Killed a two-headed ogre
 11962 | D:8      | Reached skill level 5 in Fighting
 11962 | D:8      | Reached XP level 11. HP: 45/55 MP: 11/16
 12393 | D:9      | Found a corrupted altar of Lugonu.
 12395 | D:9      | Noticed a hell beast
 12526 | D:9      | Reached skill level 9 in Maces & Flails
 12876 | D:9      | Noticed a two-headed ogre
 12886 | D:9      | Banished a two-headed ogre
 13104 | D:9      | Gained mutation: Your body sometimes deteriorates upon taking damage. [mutagenic glow]
 13146 | D:9      | Lost mutation: Your body sometimes deteriorates upon taking damage. [potion of mutation]
 13146 | D:9      | Lost mutation: You possess an exceptional clarity of mind. [potion of mutation]
 13146 | D:9      | Gained mutation: Your mind is acute. (Int +2) [potion of mutation]
 13268 | D:9      | Found a staircase to the Lair.
 13499 | Lair:1   | Entered Level 1 of the Lair of Beasts
 13647 | Lair:1   | Reached skill level 5 in Dodging
 13665 | Lair:1   | Found a frozen archway.
 13684 | IceCv    | Entered an ice cave
 13773 | IceCv    | Slain by a polar bear

Skill      XL: |  1  2  3  4  5  6  7  8  9 10 11 |
---------------+----------------------------------+-----
Stealth        | 4 5 |  5.9
Armour         | 1 2 3 4 5 6 |  6.1
Maces & Flails | 1 2 3 4 5 6 8 9 |  9.5
Dodging        | 2 3 4 5 |  5.0
Fighting       | 1 2 3 5 |  5.8
Axes           | 1 2 |  2.1
Staves         | 1 |  1.0
Shields        | 2 3 5 6 |  6.0
Short Blades   | |  0.8
Spellcasting   | |  2.9
Hexes          | |  3.8
Invocations    | |  0.5
Evocations     | |  0.4

Action                   |  1- 3 |  4- 6 |  7- 9 | 10-12 || total
-------------------------+-------+-------+-------+-------++-------
Melee: Whip              |   117 |   125 |       |       ||   242
       Bite              |    22 |    74 |   236 |   111 ||   443
       Flail             |     5 |       |       |       ||     5
       Mace              |       |   129 |   734 |   407 ||  1270
       War axe           |       |    14 |    27 |       ||    41
       Quarterstaff      |       |       |    14 |       ||    14
       Morningstar       |       |       |       |    26 ||    26
 Cast: Confuse           |     4 |    18 |       |       ||    22
Invok: Heroism           |       |       |     1 |     9 ||    10
Evoke: Wand              |       |       |     4 |       ||     4
  Use: Scroll            |     2 |     1 |     5 |     6 ||    14
       Potion            |       |       |     8 |     4 ||    12
 Stab: Sleeping          |     7 |     4 |     4 |     1 ||    16
       Confused          |     2 |     2 |       |       ||     4
       Distracted        |       |       |       |     1 ||     1
  Eat: Chunk             |     4 |     9 |    14 |    10 ||    37
       Ration            |       |     1 |     2 |       ||     3
Armor: Leather armour    |    28 |    69 |    32 |       ||   129
       Scale mail        |       |       |   219 |   198 ||   417
Dodge: Dodged            |   106 |   150 |   240 |   223 ||   719
Block: Shield            |       |       |   243 |   282 ||   525
